 Dungeon Crawl Stone Soup version 0.29.0-4-gdea44cf6ec (webtiles) character file.

Game seed: 13464991623461388231

996 qw the Cleaver (level 8, 0/47 HPs)
             Began as a Tengu Warper on Aug 28, 2022.
             Was an Initiate of Okawaru.
             Hit by a javelin thrown by a gnoll (4 damage)
             ... led by a gnoll bouda
             ... on level 5 of the Dungeon.
             The game lasted 00:00:35 (5989 turns).

qw the Cleaver (Tengu Warper)                       Turns: 5989, Time: 00:00:36

Health: 0/47       AC: 12    Str: 13      XL:     8   Next: 19%
Magic:  12/12      EV:  4    Int: 15      God:    Okawaru [......]
Gold:   161        SH:  9    Dex: 12 (13) Spells: 11/11 levels left

rFire   . . .      SeeInvis .   Y - +0 war axe
rCold   . . .      Faith    .   f - +0 buckler
rNeg    . . .      Spirit   .   g - +0 plate armour
rPois   .          Reflect  +   (helmet restricted)
rElec   .          Harm     .   (no cloak)
rCorr   .          Rampage  .   j - +0 pair of gloves
Will    .....                   (boots unavailable)
Stlth   ..........              i - amulet of reflection
HPRegen 0.15/turn               (no ring)
MPRegen 0.13/turn               (no ring)

@: weakened, flying quickly and evasively, quick
A: beak, talons 3, nimble flight
a: Renounce Religion


You were on level 5 of the Dungeon.
You worshipped Okawaru.
Okawaru was noncommittal.
You visited 2 branches of the dungeon, and saw 6 of its levels.

You collected 219 gold pieces.
You spent 58 gold pieces at shops.


Innate Abilities, Weirdness & Mutations

You have a beak for a mouth.
You have claws for feet.
Your magical nature lets you fly swiftly and evasively.


   Skills:
 - Level 3.6 Fighting
 + Level 8.2 Axes
 - Level 1.0 Throwing
 - Level 4.0 Armour
 - Level 2.1 Dodging
 - Level 2.7 Shields
 - Level 2.0 Spellcasting
 - Level 2.4 Translocations


You had 11 spell levels left.
You didn't know any spells.
Your spell library contained the following spells:

 Spells                   Type           Power      Damage    Failure   Level
 Blink                    Tloc           16%        N/A       100%        2
 Gell's Gravitas          Tloc           8%         N/A       100%        3
 Lesser Beckoning         Tloc           8%         N/A       100%        3
 Teleport Other           Tloc           8%         N/A       100%        3
 Manifold Assault         Tloc           8%         N/A       100%        5

Inventory:

Hand Weapons
 d - a +1 flail of protection
 Y - a +0 war axe (weapon)
Armour
 f - a +0 buckler (worn)
 g - a +0 plate armour (worn)
 j - a +0 pair of gloves (worn)
Jewellery
 i - an amulet of reflection (around neck)
Scrolls
 a - a scroll of identify
Potions
 b - 4 potions of mutation
 c - a potion of might {unknown}
 k - a potion of ambrosia {unknown}
 m - a potion of curing {unknown}

Dungeon Overview and Level Annotations

Branches:
Dungeon (5/15)             Temple (1/1) D:5

Altars:
Ashenzari
Cheibriados
Dithmenos
Elyvilon
Fedhas
Gozag
Hepliaklqana
Makhleb
Okawaru
Ru
Trog
Uskayaw
Vehumet
Xom
Yredelemnul
Zin
The Shining One

Shops:
D:1 !*   D:2 [

Annotations:
D:3 1 runed translucent door, Crazy Yiuf
D:4 1 runed translucent door, qw's ghost, amateur TeWr


Message History

The gnoll hits you from afar with a +0 halberd.
The gnoll bouda hits you with a +0 whip.
You block the gnoll's attack. The gnoll hits you but does no damage.
A gnoll comes into view. It is wielding a +0 spear.
The gnoll hits you but does no damage.
The gnoll hits you from afar with a +0 halberd!
You hit the gnoll. You peck the gnoll.
You kill the gnoll!
Okawaru accepts your kill.
You hit the gnoll. You hit the gnoll bouda.
The gnoll bouda hits you but does no damage.
The gnoll hits you but does no damage.
The gnoll hits you from afar with a +0 spear.
The gnoll hits you from afar with a +0 halberd.
Your Armour skill increases to level 4!
You hit the gnoll bouda.
The gnoll bouda is heavily wounded.
You hit the gnoll but do no damage.
The gnoll bouda gazes fiercely through you!
You feel your attacks grow feeble.
The gnoll bouda hits you but does no damage.
You block the gnoll's attack.
The gnoll hits you from afar with a +0 spear.
You block the gnoll's attack.
You hit the gnoll bouda. You claw the gnoll bouda. You peck the gnoll bouda.
You kill the gnoll bouda!
Okawaru accepts your kill.
You hit the gnoll. You block the gnoll's attack.
The gnoll hits you but does no damage. The gnoll barely misses you.
You block the gnoll's attack.
You barely miss the gnoll. You claw the gnoll, but do no damage.
You peck the gnoll.
The gnoll is heavily wounded.
The gnoll barely misses you. The gnoll hits you but does no damage.
The gnoll hits you from afar with a +0 halberd.
The gnoll completely misses you. The gnoll barely misses you.
You hit the gnoll but do no damage. Your kick misses the gnoll.
The gnoll is heavily wounded.
The gnoll throws a javelin.
The javelin pierces through you.
You die...

.# #...........# .###+###
#...........# .......#
####..########## .......#
#...........### #......#######
#.#...#######..
#............######'#...# #....
'............##...g.....# #....
#............##.g.g.....# #....
...#'#%......##.@)g.....# #....
##.#.#.......##.........# #....
#.#.#.......##...8.8.8.######...
#.#.#.......##...}.}.}......#...
..#.#.......##..............#..?
###.#..............>........##+#
#.+.......................# #
###...........#...........# #
####........#...........# #


You could see 4 gnolls.

Vanquished Creatures
  Sigmund (D:3)
  Menkaure (D:5)
  A water moccasin (D:5)
  An ice beast (D:5)
  A sky beast (D:5)
  A scorpion (D:4)
  A gnoll bouda (D:5)
  An orc priest (D:3)
  Jessica (D:2)
  An iguana (D:5)
  Terence (D:2)
  Robin (D:3)
  8 gnolls (D:5)
  5 adders
  An ufetubus (D:4)
  2 dart slugs
  6 orcs
  2 bats (D:1)
  4 endoplasms
  6 giant cockroaches
  17 goblins
  12 hobgoblins
  2 jackals (D:2)
  9 kobolds
  4 quokkas
  7 ball pythons
  6 frilled lizards
  8 rats
111 creatures vanquished.

Notes
Turn   | Place    | Note
-------+----------+-------------------------------------------
     0 | D:1      | qw the Tengu Warper began the quest for the Orb.
     0 | D:1      | Reached XP level 1. HP: 12/12 MP: 4/4
     0 | D:1      | 0 ||| qw: Version: 0.1-a-89-g26bdef1
     0 | D:1      | 0 ||| qw: Game counter: 3280
     0 | D:1      | 0 ||| qw: Always use a shield: true
     0 | D:1      | 0 ||| qw: God list: Okawaru
     0 | D:1      | 0 ||| qw: Allow faded altars: false
     0 | D:1      | 0 ||| qw: Do Orc after D:15 true
     0 | D:1      | 0 ||| qw: Do second Lair branch before Depths: true
     0 | D:1      | 0 ||| qw: Lair rune preference: random
     0 | D:1      | 0 ||| qw: Plans: Normal
     0 | D:1      | 0 ||| PLANNING D:1-11
    68 | D:1      | Found Hileg's Distillery.
    74 | D:1      | 74 ||| SHOPLISTING potion of curing (33 gold, have 9).
    74 | D:1      | 74 ||| SHOPLISTING potion of haste (110 gold, have 9).
    74 | D:1      | 74 ||| SHOPLISTING potion of heal wounds (55 gold, have 9).
    90 | D:1      | Reached XP level 2. HP: 17/17 MP: 6/6
   113 | D:1      | Reached skill level 3 in Axes
   253 | D:1      | 253 ||| DROPPING +0 club.
   353 | D:1      | Found Vuuseyb's Assorted Antiques.
   371 | D:1      | 371 ||| SHOPLISTING fizzy emerald potion (18 gold, have
                  | 16).
   371 | D:1      | 371 ||| SHOPLISTING orange potion (18 gold, have 16).
   371 | D:1      | 371 ||| SHOPLISTING scroll labelled MUWAECLEPH (21 gold,
                  | have 16).
   371 | D:1      | 371 ||| SHOPLISTING scroll labelled REHEREI SIRE (21 gold,
                  | have 16).
   371 | D:1      | 371 ||| SHOPLISTING viscous silvery potion (18 gold, have
                  | 16).
   719 | D:1      | Reached XP level 3. HP: 20/21 MP: 7/7
   837 | D:1      | Reached skill level 4 in Axes
  1020 | D:1      | 1020 ||| UPGRADING to +0 pair of gloves.
  1025 | D:1      | 1025 ||| UPGRADING to +0 ring mail.
  1035 | D:1      | 1035 ||| DROPPING +0 leather armour.
  1036 | D:1      | 1036 ||| UPGRADING to amulet of reflection.
  1041 | D:1      | 1041 ||| READING 2 scrolls labelled RECKAOV XERUQI.
  1042 | D:1      | 1042 ||| READING scroll labelled ROLLYS ICIFRO.
  1043 | D:1      | 1043 ||| READING scroll labelled REHEREI SIRE.
  1048 | D:1      | 1048 ||| READING scroll labelled MEYTORPHUEJO.
  1049 | D:1      | 1049 ||| DRINKING 2 cyan potions.
  1050 | D:1      | 1050 ||| DROPPING scroll of blinking.
  1051 | D:1      | 1051 ||| DROPPING potion of brilliance.
  1175 | D:2      | Noticed Terence
  1176 | D:2      | 1176 ||| Stepping ~*~*~tactically~*~*~ (stealth).
  1177 | D:2      | 1177 ||| Stepping ~*~*~tactically~*~*~ (stealth).
  1195 | D:2      | Found a radiant altar of Vehumet.
  1212 | D:2      | HP: 4/21 [Terence/+0 short sword (2)]
  1220 | D:2      | HP: 2/21 [Terence/+0 short sword (2)]
  1223 | D:2      | Killed Terence
  1224 | D:2      | Reached XP level 4. HP: 3/26 MP: 8/8
  1438 | D:2      | 1438 ||| FLEEEEING.
  1439 | D:2      | 1439 ||| FLEEEEING.
  1573 | D:2      | 1573 ||| DROPPING +0 whip.
  1619 | D:2      | Noticed Jessica
  1620 | D:2      | 1620 ||| Stepping ~*~*~tactically~*~*~ (hiding).
  1621 | D:2      | 1621 ||| Stepping ~*~*~tactically~*~*~ (hiding).
  1622 | D:2      | 1622 ||| Stepping ~*~*~tactically~*~*~ (stealth).
  1630 | D:2      | Killed Jessica
  1631 | D:2      | Reached skill level 5 in Axes
  1631 | D:2      | 1631 ||| Stepping ~*~*~tactically~*~*~ (stealth).
  1634 | D:2      | 1634 ||| Stepping ~*~*~tactically~*~*~ (stealth).
  1647 | D:2      | 1647 ||| Stepping ~*~*~tactically~*~*~ (stealth).
  1648 | D:2      | 1648 ||| Stepping ~*~*~tactically~*~*~ (stealth).
  1649 | D:2      | 1649 ||| Stepping ~*~*~tactically~*~*~ (stealth).
  1675 | D:2      | 1675 ||| Stepping ~*~*~tactically~*~*~ (stealth).
  1676 | D:2      | 1676 ||| Stepping ~*~*~tactically~*~*~ (stealth).
  1677 | D:2      | 1677 ||| Stepping ~*~*~tactically~*~*~ (stealth).
  1691 | D:2      | 1691 ||| Stepping ~*~*~tactically~*~*~ (stealth).
  1912 | D:2      | Found Cueppid's Armour Shoppe.
  1916 | D:2      | 1916 ||| BUYING +0 buckler (58 gold).
  1916 | D:2      | Bought a +0 buckler for 58 gold pieces
  1916 | D:2      | 1916 ||| SHOPLISTING +1 ring mail of poison resistance (169
                  | gold, have 22).
  1916 | D:2      | 1916 ||| SHOPLISTING +3 chain mail of fire resistance (344
                  | gold, have 22).
  2345 | D:2      | 2345 ||| UPGRADING to +0 scale mail.
  2355 | D:2      | 2355 ||| UPGRADING to +0 buckler.
  2360 | D:2      | 2360 ||| DROPPING +0 ring mail.
  2361 | D:2      | 2361 ||| READING scroll labelled NOGIBUBBOT.
  2362 | D:2      | 2362 ||| DRINKING 2 smoky white potions.
  2466 | D:2      | 2466 ||| READING 4 scrolls of identify.
  2466 | D:2      | 2466 ||| IDENTIFYING bubbling amethyst potion
  2467 | D:2      | 2467 ||| READING 3 scrolls of identify.
  2467 | D:2      | 2467 ||| IDENTIFYING golden potion
  2468 | D:2      | 2468 ||| READING 2 scrolls of identify.
  2468 | D:2      | 2468 ||| IDENTIFYING ruby potion
  2469 | D:2      | 2469 ||| DROPPING potion of lignification.
  2470 | D:2      | 2470 ||| DROPPING potion of attraction.
  2471 | D:2      | 2471 ||| DROPPING potion of berserk rage.
  2486 | D:3      | Found a broken altar of Ashenzari.
  2629 | D:3      | Gained mutation: Your magical nature lets you fly swiftly
                  | and evasively. [Tengu growth]
  2629 | D:3      | Reached XP level 5. HP: 29/30 MP: 9/9
  2664 | D:3      | Reached skill level 1 in Shields
  3029 | D:3      | 3029 ||| Stepping ~*~*~tactically~*~*~ (stealth).
  3031 | D:3      | 3031 ||| Stepping ~*~*~tactically~*~*~ (stealth).
  3036 | D:3      | 3036 ||| Stepping ~*~*~tactically~*~*~ (stealth).
  3042 | D:3      | Noticed Robin
  3043 | D:3      | 3043 ||| Stepping ~*~*~tactically~*~*~ (stealth).
  3045 | D:3      | 3045 ||| Stepping ~*~*~tactically~*~*~ (hiding).
  3057 | D:3      | Killed Robin
  3063 | D:3      | 3063 ||| FLEEEEING.
  3064 | D:3      | 3064 ||| FLEEEEING.
  3065 | D:3      | 3065 ||| FLEEEEING.
  3066 | D:3      | 3066 ||| FLEEEEING.
  3067 | D:3      | 3067 ||| FLEEEEING.
  3068 | D:3      | 3068 ||| FLEEEEING.
  3069 | D:3      | 3069 ||| FLEEEEING.
  3070 | D:3      | 3070 ||| FLEEEEING.
  3071 | D:3      | 3071 ||| FLEEEEING.
  3072 | D:3      | 3072 ||| FLEEEEING.
  3075 | D:3      | 3075 ||| FLEEEEING.
  3076 | D:3      | 3076 ||| FLEEEEING.
  3078 | D:3      | 3078 ||| FLEEEEING.
  3079 | D:3      | 3079 ||| FLEEEEING.
  3080 | D:3      | 3080 ||| FLEEEEING.
  3081 | D:3      | 3081 ||| FLEEEEING.
  3085 | D:3      | 3085 ||| FLEEEEING.
  3086 | D:3      | 3086 ||| FLEEEEING.
  3087 | D:3      | 3087 ||| FLEEEEING.
  3088 | D:3      | 3088 ||| FLEEEEING.
  3089 | D:3      | 3089 ||| FLEEEEING.
  3090 | D:3      | 3090 ||| FLEEEEING.
  3091 | D:3      | 3091 ||| FLEEEEING.
  3095 | D:3      | 3095 ||| FLEEEEING.
  3096 | D:3      | 3096 ||| FLEEEEING.
  3097 | D:3      | 3097 ||| FLEEEEING.
  3105 | D:3      | 3105 ||| FLEEEEING.
  3106 | D:3      | 3106 ||| FLEEEEING.
  3114 | D:3      | 3114 ||| FLEEEEING.
  3115 | D:3      | 3115 ||| FLEEEEING.
  3116 | D:3      | 3116 ||| FLEEEEING.
  3117 | D:3      | 3117 ||| FLEEEEING.
  3118 | D:3      | 3118 ||| FLEEEEING.
  3119 | D:3      | 3119 ||| FLEEEEING.
  3133 | D:3      | 3133 ||| FLEEEEING.
  3134 | D:3      | 3134 ||| FLEEEEING.
  3135 | D:3      | 3135 ||| FLEEEEING.
  3136 | D:3      | 3136 ||| FLEEEEING.
  3137 | D:3      | 3137 ||| FLEEEEING.
  3138 | D:3      | 3138 ||| FLEEEEING.
  3139 | D:3      | 3139 ||| FLEEEEING.
  3140 | D:3      | 3140 ||| FLEEEEING.
  3144 | D:3      | 3144 ||| FLEEEEING.
  3145 | D:3      | 3145 ||| FLEEEEING.
  3146 | D:3      | 3146 ||| FLEEEEING.
  3147 | D:3      | 3147 ||| FLEEEEING.
  3148 | D:3      | 3148 ||| FLEEEEING.
  3149 | D:3      | 3149 ||| FLEEEEING.
  3150 | D:3      | 3150 ||| FLEEEEING.
  3151 | D:3      | 3151 ||| FLEEEEING.
  3153 | D:3      | 3153 ||| STAIRDANCE
  3210 | D:2      | 3210 ||| UPGRADING to +0 plate armour.
  3220 | D:2      | 3220 ||| DROPPING +0 scale mail.
  3225 | D:3      | 3225 ||| STAIRDANCE
  3232 | D:3      | 3232 ||| STAIRDANCE
  3303 | D:3      | 3303 ||| Stepping ~*~*~tactically~*~*~ (stealth).
  3306 | D:3      | Noticed Sigmund
  3307 | D:3      | 3307 ||| Stepping ~*~*~tactically~*~*~ (stealth).
  3342 | D:3      | 3342 ||| Stepping ~*~*~tactically~*~*~ (stealth).
  3350 | D:3      | Killed Sigmund
  3351 | D:3      | Reached skill level 7 in Axes
  3351 | D:3      | Reached XP level 6. HP: 35/35 MP: 10/10
  3530 | D:3      | Found a runed translucent door.
  3531 | D:3      | Noticed Crazy Yiuf
  3584 | D:3      | 3584 ||| READING scroll labelled FOINKU FUMUN.
  3838 | D:4      | Found a runed translucent door.
  3844 | D:4      | Noticed qw's ghost (amateur TeWr)
  3949 | D:4      | 3949 ||| DROPPING +2 mace of protection.
  4243 | D:4      | 4243 ||| SWAPPING to +0 war axe.
  4254 | D:4      | Reached skill level 3 in Armour
  4254 | D:4      | Reached XP level 7. HP: 36/40 MP: 11/11
  4282 | D:4      | 4282 ||| DROPPING +0 hand axe.
  4586 | D:4      | 4586 ||| READING scroll labelled BUOSI QUG SAR.
  4587 | D:4      | 4587 ||| DRINKING 2 coppery potions.
  4588 | D:4      | 4588 ||| DROPPING potion of degeneration.
  4602 | D:5      | Entered Level 5 of the Dungeon
  4609 | D:5      | 4609 ||| Stepping ~*~*~tactically~*~*~ (hiding).
  4612 | D:5      | 4612 ||| Stepping ~*~*~tactically~*~*~ (hiding).
  4861 | D:5      | 4861 ||| DROPPING +0 flail.
  4886 | D:5      | Reached skill level 3 in Fighting
  5203 | D:5      | Found a staircase to the Ecumenical Temple.
  5204 | D:5      | 5204 ||| PLANNING TEMPLE
  5225 | Temple   | Entered the Ecumenical Temple
  5249 | Temple   | Became a worshipper of Warmaster Okawaru
  5353 | Temple   | 5353 ||| PLANNING D:1-11
  5389 | D:5      | Noticed Menkaure
  5398 | D:5      | Killed Menkaure
  5399 | D:5      | Reached skill level 8 in Axes
  5399 | D:5      | Reached XP level 8. HP: 23/47 MP: 12/12
  5427 | D:5      | 5427 ||| FLEEEEING.
  5693 | D:5      | 5693 ||| Stepping ~*~*~tactically~*~*~ (stealth).
  5699 | D:5      | 5699 ||| Stepping ~*~*~tactically~*~*~ (stealth).
  5704 | D:5      | 5704 ||| Stepping ~*~*~tactically~*~*~ (stealth).
  5713 | D:5      | HP: 11/47 [iguana (4)]
  5714 | D:5      | 5714 ||| READING 2 scrolls of teleportation.
  5748 | D:5      | HP: 9/47 [gnoll/+0 halberd (7)]
  5749 | D:5      | 5749 ||| READING scroll of teleportation.
  5880 | D:5      | 5880 ||| FLEEEEING.
  5978 | D:5      | 5978 ||| Stepping ~*~*~tactically~*~*~ (hiding).
  5985 | D:5      | HP: 6/47 [gnoll/+0 halberd[a gnoll bouda] (6)]
  5989 | D:5      | Hit by a javelin thrown by a gnoll

Levels and vault maps discovered:
D:1:      heliophobic_arrival_dark_side_of_the_moon, layout_basic, serial_shops,
          shop, nicolae_shop_hallway_plus
D:2:      layout_basic, basic_altar, serial_shops, nicolae_shop_trees,
          uniq_terence, uniq_jessica
D:3:      layout_loops_ring, overflow_temple_1_default, uniq_sigmund,
          uniq_crazy_yiuf_cottage, uniq_robin
D:4:      corexii_shack_village, layout_cave_pods, ebering_ghost_reflecting_pool
D:5:      layout_basic, minmay_temple_entry_drinking_statues,
          gammafunk_ghost_split, minivault_19, lightli_corner_chamber,
          uniq_grinder, uniq_menkaure
Temple:   nicolae_temple_elliptical

Skill      XL: |  1  2  3  4  5  6  7  8 |
---------------+-------------------------+-----
Axes           | 3 4 5 7 8 |  8.2
Shields        | 1 2 |  2.7
Armour         | 2 3 4 |  4.0
Fighting       | 3 |  3.6
Throwing       | |  1.0
Dodging        | |  2.1
Spellcasting   | |  2.0
Translocations | |  2.4

Action                   |  1- 3 |  4- 6 |  7- 9 || total
-------------------------+-------+-------+-------++-------
Melee: Hand axe          |    62 |   129 |       ||   191
       Kick              |    12 |    30 |    24 ||    66
       Peck              |    11 |    11 |    19 ||    41
       Punch             |     1 |       |       ||     1
       War axe           |       |     7 |    90 ||    97
Throw: Boomerang         |    38 |    30 |     6 ||    74
  Use: Scroll            |     4 |     5 |     3 ||    12
       Potion            |     1 |     1 |     1 ||     3
Armor: Leather armour    |     3 |       |       ||     3
       Ring mail         |     2 |    15 |       ||    17
       Scale mail        |       |     7 |       ||     7
       Plate armour      |       |    14 |    57 ||    71
Dodge: Dodged            |    30 |    28 |    19 ||    77
Block: Other             |     7 |     6 |       ||    13
       Buckler           |       |    29 |    36 ||    65

Table legend:
 A = Non-vault XP
 B = Vault XP
 C = Vault XP percentage of total XP
 D = Non-vault monster count
 E = Vault monster count
 F = Vault count percentage of total count
                 A         B        C        D         E       F
            +---------+---------+-------+---------+---------+-------
      Total |     901 |     523 |  36.7 |      86 |      25 |  22.5
            +---------+---------+-------+---------+---------+-------
        D:1 |      48 |       0 |   0.0 |      29 |       0 |   0.0
        D:2 |      41 |      71 |  63.4 |      24 |       3 |  11.1
        D:3 |      79 |     262 |  76.8 |       8 |      10 |  55.6
        D:4 |     112 |      21 |  15.8 |      10 |      11 |  52.4
        D:5 |     621 |     169 |  21.4 |      15 |       1 |   6.2
            +---------+---------+-------+---------+---------+-------
